 Dungeon Crawl Stone Soup version 0.26-a0-451-gacbe401039 (webtiles) character file.

Game seed: 5409810788494552222

410 KristoblXynda the Ruffian (level 6, 0/53 HPs)
             Began as a Troll Hedge Wizard on July 27, 2020.
             Was an Initiate of Ashenzari.
             Slain by an ogre
             ... wielding a +0 giant club
              (14 damage)
             ... on level 4 of the Dungeon.
             The game lasted 00:03:54 (2641 turns).

KristoblXynda the Ruffian (Troll Hedge Wizard)      Turns: 2641, Time: 00:03:54

Health: 0/53       AC:  7    Str: 19    XL:     6   Next: 58%
Magic:  8/8        EV: 11    Int: 12    God:    Ashenzari [......]
Gold:   129        SH:  0    Dex:  9    Spells: 8/9 levels left

rFire    . . .     SeeInvis .     - Unarmed
rCold    . . .     Faith    .   (no shield)
rNeg     . . .     Spirit   .   b - +0 robe
rPois    .         Reflect  .   c - +0 hat
rElec    .         Harm     .   m - +0 cloak
rCorr    .                      (gloves unavailable)
MR       .....                  (boots unavailable)
Stlth    +.........             r - amulet of regeneration (curse)
HPRegen  0.97/turn              (no ring)
MPRegen  0.11/turn              (no ring)

@: no status effects
A: large, unfitting armour, claws 3, regeneration 1, shaggy fur 1, tough skin 3
a: Curse Item, Renounce Religion


You were on level 4 of the Dungeon.
You worshipped Ashenzari.
Ashenzari was noncommittal.
You visited 2 branches of the dungeon, and saw 6 of its levels.

You collected 129 gold pieces.

Inventory:

Armour
 b - a +0 robe (worn)
 c - a +0 hat (worn)
 m - a +0 cloak (worn)
Jewellery
 r - a cursed amulet of regeneration (around neck)
Scrolls
 d - 2 scrolls of teleportation {unknown}
 e - 4 scrolls of identify {unknown}
 g - 2 scrolls of amnesia {unknown}
 h - a scroll of remove curse
 k - a scroll of magic mapping {unknown}
 n - a scroll of fear {unknown}
 p - a scroll of fog {unknown}
 q - a scroll of noise {unknown}
Potions
 a - a potion of invisibility {unknown}
 f - a potion of heal wounds {unknown}
 i - a potion of curing
 j - a potion of might
 l - a potion of flight {unknown}
 o - a potion of berserk rage {unknown}
 s - a potion of resistance {unknown}


   Skills:
 + Level 3.5 Dodging
 - Level 1.0 Stealth
 + Level 3.7 Unarmed Combat
 - Level 2.0 Spellcasting
 + Level 2.9 Conjurations
   Level 0.6 Summonings
   Level 0.6 Translocations


You had 8 spell levels left.
You knew the following spells:

 Your Spells              Type           Power        Failure   Level
a - Magic Dart            Conj           #...         9%          1

Your spell library contained the following spells:

 Spells                   Type           Power        Failure   Level
 Blink                    Tloc           N/A          32%         2
 Call Imp                 Summ           #.......     32%         2
 Slow                     Hex            #.......     38%         2
 Conjure Flame            Conj/Fire      #.......     41%         3
 Mephitic Cloud           Conj/Pois/Air  #.......     50%         3


Dungeon Overview and Level Annotations

Branches:
Dungeon (5/15)             Temple (1/1) D:4

Altars:
Ashenzari
Cheibriados
Dithmenos
Elyvilon
Fedhas
Hepliaklqana
Kikubaaqudgha
Makhleb
Nemelex Xobeh
Okawaru
Qazlal
Ru
Sif Muna
Trog
Uskayaw
Vehumet
Xom
Yredelemnul
The Shining One


Innate Abilities, Weirdness & Mutations

You are too large for most types of armour.
You have claws for hands.
Your natural rate of healing is unusually fast.
You are covered in fur. (AC +1)
You have extremely tough skin. (AC +3)


Message History

You claw the ogre!
The ogre is moderately wounded.
The ogre hits you with a +0 giant club!
The leopard gecko bites you but does no damage.
You barely miss the ogre.
The ogre is moderately wounded.
The leopard gecko barely misses you. The ogre hits you with a +0 giant club!
You scratch the ogre.
The ogre is heavily wounded.
The leopard gecko bites you but does no damage.
You barely miss the ogre.
The ogre is heavily wounded.
The ogre hits you with a +0 giant club!
* * * LOW HITPOINT WARNING * * *
The leopard gecko barely misses you.
You scratch the ogre but do no damage.
The ogre is heavily wounded.
The leopard gecko hisses menacingly.
The leopard gecko barely misses you. The ogre hits you with a +0 giant club!
You die...

...#.....>..#......
............#..).....
.........)..#........
....................
..............#...#
...##.........#.⌠.# .
...
######..###...###...
...
#..............(....
.
#........⌠..@l.⌠....
.............O......
#.......###...###...
#........ #.⌠.# #
#........ #...#
#........ ......
....... ......#
....... .⌠......


You could see an ogre and a leopard gecko.

Vanquished Creatures
  A phantom (Temple)
  A howler monkey (D:4)
  A hound (D:4)
  Ijyb (D:2)
  3 worker ants
  8 adders
  3 worms
  2 dart slugs (D:1)
  2 leopard geckos (D:1)
  2 orcs
  2 ball pythons (D:2)
  6 bats
  4 giant cockroaches
  15 goblins
  4 hobgoblins
  7 kobolds
  A quokka (D:5)
  2 frilled lizards
  11 rats
76 creatures vanquished.

Notes
Turn   | Place    | Note
-------+----------+-------------------------------------------
     0 | D:1      | KristoblXynda the Troll Hedge Wizard began the quest for
                  | the Orb.
     0 | D:1      | Reached XP level 1. HP: 16/16 MP: 2/2
    10 | D:1      | Noticed a centaur
    96 | D:1      | Reached skill level 1 in Conjurations
    99 | D:1      | Reached XP level 2. HP: 20/24 MP: 4/4
   136 | D:1      | Reached skill level 1 in Unarmed Combat
   362 | D:1      | Reached XP level 3. HP: 31/31 MP: 5/5
   727 | D:2      | Found a shadowy altar of Dithmenos.
   774 | D:2      | Found a burning altar of Makhleb.
   775 | D:2      | Found a stormy altar of Qazlal.
  1344 | D:2      | Reached XP level 4. HP: 39/39 MP: 6/6
  1463 | D:2      | Noticed Ijyb
  1501 | D:2      | Killed Ijyb
  1775 | D:3      | Reached XP level 5. HP: 44/45 MP: 7/7
  2197 | D:3      | You fall into a shaft and drop 2 floors!
  2197 | D:5      | Entered Level 5 of the Dungeon
  2313 | D:4      | Noticed a phantom
  2324 | D:4      | Reached XP level 6. HP: 21/53 MP: 8/8
  2388 | D:4      | Found a staircase to the Ecumenical Temple.
  2396 | Temple   | Entered the Ecumenical Temple
  2494 | Temple   | Became a worshipper of Ashenzari the Shackled
  2641 | D:4      | Slain by an ogre

Illustrated notes

Levels and vault maps discovered:
D:1:      evilmike_arrival_come_back, layout_basic
D:2:      kennysheep_the_goblin_king, layout_loops_ring,
          gammafunk_temple_overflow_statue, grunt_dithmenos_smoke_and_mirrors,
          kennysheep_small_spiral
D:3:      layout_basic, serial_park_tiny_1, grunt_ministairs_6,
          chequers_serial_rivers_small_b
D:4:      layout_gridville, chequers_temple_overflow_statue_of_worship,
          minmay_temple_entry_junction_2, nemelex_xobeh_ov_fountains_minmay
D:5:      layout_cave_pools, uniq_pikel
Temple:   regret_index_temple_sphere_string

Skill      XL: |  1  2  3  4  5 |
---------------+----------------+-----
Conjurations   | 1 2 |  2.9
Unarmed Combat | 1 2 3 |  3.7
Dodging        | 2 3 |  3.5
Stealth        | |  1.0
Spellcasting   | |  2.0
Summonings     | |  0.6
Translocations | |  0.6

Action                   |  1- 3 |  4- 6 || total
-------------------------+-------+-------++-------
Melee: Unarmed           |   149 |   153 ||   302
Invok: Curse Item        |       |     1 ||     1
  Use: Potion            |       |     2 ||     2
Armor: Robe              |    94 |    51 ||   145
Dodge: Dodged            |   115 |    84 ||   199

Table legend: (Time is in decaauts)
 A = Elapsed time spent in this place.
 B = Non-inter-level travel time spent in this place.
 C = Inter-level travel time spent in this place.
 D = Time resting spent in this place.
 E = Time spent auto-exploring this place.
 F = Levels seen in this place.
 G = Mean time per level.
                   A        B        C        D        E       F      G
               +--------+--------+--------+--------+--------+-----+--------+
         Total |   2628 |   2543 |     85 |    150 |   1674 |   6 |  438.0 |
       Dungeon |   2388 |   2309 |     79 |    104 |   1546 |   5 |  477.6 |
        Temple |    239 |    233 |      6 |     46 |    128 |   1 |  239.0 |
               +--------+--------+--------+--------+--------+-----+--------+

Top non-repeatable levels by time:
     D:2: 992 daAuts
     D:1: 661 daAuts
     D:3: 533 daAuts
  Temple: 239 daAuts
     D:5: 101 daAuts
     D:4: 100 daAuts
